 Dungeon Crawl Stone Soup version 0.24-a0-136-gad582e5 (console) character file.

Game seed: 17110978309751937157

7 Duffy the Chopper (level 2, 24/26 HPs)
             Began as a Naga Gladiator on Feb 28, 2019.
             Was a Follower of Yredelemnul.
             Quit the game on level 3 of the Dungeon.
             The game lasted 00:00:24 (205 turns).

Duffy the Chopper (Naga Gladiator)                   Turns: 205, Time: 00:00:25

Health: 24/26      AC:  4    Str: 16    XL:     2   Next: 4%
Magic:  2/2        EV: 10    Int:  8    God:    Yredelemnul [*.....]
Gold:   0          SH:  0    Dex: 12    Spells: 1/1 levels left

rFire    . . .     SeeInvis +   a - +0 war axe
rCold    . . .     Gourm    .   (no shield)
rNeg     . . .     Faith    .   b - +0 leather armour
rPois    +         Spirit   .   c - +0 helmet
rElec    .         Reflect  .   i - +0 cloak
rCorr    .         Harm     .   (no gloves)
MR       .....                  (no barding)
Stlth    +.........             (no amulet)
HPRegen  0.08/turn              (no ring)
MPRegen  0.08/turn              (no ring)

@: very slow
A: large, see invisible, deformed body, poison resistance, slowness 2, slow
metabolism 1, spit poison 1, AC +0
a: Spit Poison, Animate Remains, Renounce Religion


You were on level 3 of the Dungeon.
You worshipped Yredelemnul.
Yredelemnul was aware of your devotion.
You were not hungry.

You visited 1 branch of the dungeon, and saw 3 of its levels.

Inventory:

Hand Weapons
 a - a +0 war axe (weapon)
Missiles
 d - 3 throwing nets (quivered)
Armour
 b - a +0 leather armour (worn)
 c - a +0 helmet (worn)
 i - a +0 cloak (worn)
Scrolls
 h - a scroll of remove curse {unknown}
Potions
 e - 2 potions of lignification {unknown}
Comestibles
 f - a ration
 g - a chunk of flesh


   Skills:
 - Level 2.0 Fighting
 + Level 3.5 Axes
 - Level 1.7 Throwing
 - Level 2.4 Dodging


You had one spell level left.
You didn't know any spells.
Your spell library was empty.

Dungeon Overview and Level Annotations

Branches:
Dungeon (3/15)

Altars:
Yredelemnul


Innate Abilities, Weirdness & Mutations

You cannot wear boots.
Your serpentine skin is tough. (AC +0)
You have supernaturally acute eyesight. (SInv)
Armour fits poorly on your strangely shaped body.
Your system is resistant to poisons. (rPois)
You cover ground very slowly.
You have a slow metabolism.
You can spit poison.


Message History

You slash the kobold!
You kill the kobold!
You have reached level 2!
Drop what? 10/52 slots (_ for help) (? for menu, Esc to quit)
You remove your amulet of magic regeneration.
You drop an uncursed amulet of magic regeneration.
Found a dagger.
There is an escape hatch in the floor here.
You slide downwards.
The hatch slams shut behind you.
Found a ring mail, 18 stones and a ration.
Found a faded altar of an unknown god.
You see here a ring mail.
Found 9 stones.
Found 12 gold pieces.
There is a faded altar of an unknown god here.
You cannot tell which god this altar belongs to.
Convert to them anyway?
Yredelemnul accepts your prayer! Yredelemnul welcomes you!
You can now animate remains.
Are you sure you want to abandon this character and quit the game? (Confirm with "yes".)

#.. ##.### ....
####.#######
###..........
#.[......#.#####
#.#.###.(......#
#.#......#...#
#.#####.#@# . #.
#..#....# #.
.....(....# ##
###.#..#.....#
#.#..#..$..#
#.#..#.....#
#^#..# ....# ##
....#


There were no monsters in sight!

Vanquished Creatures
  A goblin (D:2)
  A hobgoblin (D:2)
  2 kobolds (D:2)
  A quokka (D:2)
  A rat (D:2)
6 creatures vanquished.

Notes
Turn   | Place    | Note
-------+----------+-------------------------------------------
     0 | D:1      | Duffy the Naga Gladiator began the quest for the Orb.
     0 | D:1      | Reached XP level 1. HP: 19/19 MP: 1/1
   184 | D:2      | Reached XP level 2. HP: 22/26 MP: 2/2
   193 | D:3      | Found a faded altar of an unknown god.
   204 | D:3      | Became a worshipper of Yredelemnul the Dark
   204 | D:3      | Reached * piety under Yredelemnul
   205 | D:3      | Quit the game

Levels and vault maps discovered:
D:1:      ebering_trefoil_twist, layout_loops_ring, minmay_quantized
D:2:      layout_rooms, zin_purify, minmay_pentomino_p4, uniq_terence
D:3:      layout_basic, lemuel_doored_altar, chequers_ecumenical_altar_simple,
          first_ration, st_stairs_1, kennysheep_generic_room_5, uniq_purgy

Action                   || total
-------------------------++-------
Melee: War axe           ||    13
 Abil: Spit Poison       ||     2
Armor: Leather armour    ||     1
Dodge: Dodged            ||     7

Table legend:
 A = Non-vault XP
 B = Vault XP
 C = Vault XP percentage of total XP
 D = Non-vault monster count
 E = Vault monster count
 F = Vault count percentage of total count
                 A         B        C        D         E       F
            +---------+---------+-------+---------+---------+-------
      Total |      11 |       0 |   0.0 |       6 |       0 |   0.0
            +---------+---------+-------+---------+---------+-------
        D:2 |      11 |       0 |   0.0 |       6 |       0 |   0.0
            +---------+---------+-------+---------+---------+-------
